 Dungeon Crawl Stone Soup version 0.28.0-53-g5a82cb258f (webtiles) character file.

Game seed: 7142707540612564373

4245 croobank the Covert (level 10, -1/82 HPs)
             Began as a Gnoll Delver on June 12, 2022.
             Was a High Priest of Elyvilon.
             Slain by a wolf (7 damage)
             ... in a bailey.
             The game lasted 00:44:37 (11760 turns).

croobank the Covert (Gnoll Delver)                 Turns: 11760, Time: 00:44:37

Health: -1/82      AC:  9    Str: 11    XL:     10   Next: 30%
Magic:  2/15       EV: 15    Int: 13    God:    Elyvilon [*****.]
Gold:   86         SH:  0    Dex: 15    Spells: 3/19 levels left

rFire   + . .      SeeInvis .   a - +2 broad axe (flame)
rCold   . . .      Faith    .   (no shield)
rNeg    . . .      Spirit   .   D - +0 steam dragon scales
rPois   .          Reflect  .   (no helmet)
rElec   .          Harm     .   (no cloak)
rCorr   .          Rampage  .   w - +0 pair of gloves
Will    .....                   (no boots)
Stlth   +++++.....              e - amulet of magic regeneration
HPRegen 0.23/turn               s - ring of protection from fire
MPRegen 0.54/turn               (no ring)

@: very slightly contaminated
A: fangs 1, strong nose, distributed training, iridescent scales 1, low MP 1,
MP-powered wands
a: Renounce Religion, Purification, Heal Other, Heal Self, Divine Vigour


You were in a bailey.
You worshipped Elyvilon.
Elyvilon was extremely pleased with you.
You visited 1 branch of the dungeon, and saw 8 of its levels.
You also visited: Bailey.

You collected 380 gold pieces.
You spent 294 gold pieces at shops.

Inventory:

Hand Weapons
 a - a +2 broad axe of flaming (weapon)
 b - a +0 shortbow
 f - a +0 whip of freezing
 h - a +0 dagger
 j - a +0 war axe
 m - a +0 falchion
 p - a +0 short sword
 t - a +0 rapier
 x - a +0 morningstar
 F - a +2 hand axe of freezing
 G - a +2 arbalest
 H - the +7 spear "Abunkes" {freeze, Will+}
   (You found it on level 8 of the Dungeon)

   It freezes those it strikes, dealing additional cold damage.
   It can also slow down cold-blooded creatures.
   Will:      It increases your willpower.
 I - a +1 spear of freezing
Missiles
 i - 60 sling bullets
 k - 222 stones
 n - 47 arrows
 q - 42 bolts
 u - 15 poisoned darts
 C - 5 throwing nets (quivered)
Armour
 o - a +2 scale mail of fire resistance
 v - a +0 robe
 w - a +0 pair of gloves (worn)
 y - a +0 leather armour of willpower
 B - the +3 chain mail of Floral Tender Moments {rF++ rN+++ Int-4}
   (You found it on level 6 of the Dungeon)

   Int:       It affects your intelligence (-4).
   rF:        It greatly protects you from fire.
   rN:        It renders you almost immune to negative energy.
 D - +0 steam dragon scales (worn)
Jewellery
 e - an amulet of magic regeneration (around neck)
 s - a ring of protection from fire (left hand)
Wands
 g - a wand of digging (3)
 A - a wand of charming (1)
 E - a wand of iceblast (7)
Scrolls
 c - 3 scrolls of fog
 d - a scroll of magic mapping
 r - 3 scrolls of identify
 z - a scroll of noise
 K - a scroll of teleportation
Potions
 l - a potion of mutation
 J - a potion of flight


   Skills:
 + Level 8.4 Fighting
 + Level 5.1 Short Blades
 + Level 5.1 Long Blades
 + Level 7.0 Axes
 + Level 5.1 Maces & Flails
 + Level 5.1 Polearms
 + Level 5.1 Staves
 + Level 5.1 Slings
 + Level 5.1 Bows
 + Level 5.1 Crossbows
 + Level 5.1 Throwing
 + Level 5.1 Armour
 + Level 7.0 Dodging
 + Level 10.9 Stealth
 + Level 5.1 Shields
 + Level 5.1 Unarmed Combat
 + Level 5.1 Spellcasting
 + Level 4.2 Conjurations
 + Level 4.2 Hexes
 + Level 4.2 Summonings
 + Level 4.2 Necromancy
 + Level 4.2 Translocations
 + Level 4.2 Transmutations
 + Level 4.2 Fire Magic
 + Level 4.2 Ice Magic
 + Level 4.2 Air Magic
 + Level 4.2 Earth Magic
 + Level 4.2 Poison Magic
 + Level 5.6 Invocations
 + Level 5.1 Evocations


You had 3 spell levels left.
You knew the following spells:

 Your Spells              Type           Power      Damage    Failure   Level
a - Poisonous Vapours     Pois/Air       28%        N/A       4%          2
b - Ozocubu's Armour      Ice            14%        N/A       10%         3
c - Sting                 Tmut/Pois      56%        1d5       3%          1
d - Mephitic Cloud        Conj/Pois/Air  14%        N/A       10%         3
e - Ignite Poison         Fire/Tmut/Pois 14%        N/A       10%         3
f - Olgreb's Toxic Radia  Pois           14%        N/A       32%         4

Your spell library contained the following spells:

 Spells                   Type           Power      Damage    Failure   Level
 Freezing Cloud           Conj/Ice/Air   7%         6-21      65%         5
 Ozocubu's Refrigeration  Ice            7%         4d6       100%        7


Dungeon Overview and Level Annotations

Branches:
Dungeon (8/15)             Temple (0/1) D:6          Bailey (1/1)
   Lair: D:8-11

Altars:
Cheibriados
Elyvilon
Makhleb
Sif Muna

Shops:
D:2 =*   D:5 =[=   D:6 *?   D:7 !

Annotations:
D:4 Dowan, Duvessa, Sigmund
D:5 Crazy Yiuf


Innate Abilities, Weirdness & Mutations

You have very sharp teeth.
Your uncanny sense of smell can sniff out nearby items.
Your experience applies equally to all skills.
You are partially covered in iridescent scales. (AC +2)
Your magical capacity is low. (-10% MP)
You expend magic power (3 MP) to strengthen your wands.


Message History

The gnoll sergeant's wounds heal themselves!
Okay, then.
Throw: 5 throwing nets
Press: ? - help, Q - select action, (/) - cycle Shift-Dir - straight line, f/p - gnoll sergeant
Aim: a gnoll sergeant, wielding a +0 halberd and wearing a +0 chain mail (75% to hit)
Okay, then.
Okay, then.
Okay, then.
You are healed.
The wolf closely misses you. The wolf misses you. The wolf bites you.
The gnoll sergeant closely misses you. The wolf bites you but does no damage.
Casting: Olgreb's Toxic Radiance (dangerous; 32% risk of failure)
Confirm with . or Enter, or press ? or * to list all spells.
You miscast Olgreb's Toxic Radiance.
You feel rather nauseous for a moment!
You are poisoned.
You feel sick. The wolf closely misses you. x2
The gnoll shaman closely misses you.
The gnoll sergeant hits you from afar with a +0 halberd.
The wolf misses you.
You feel sick. The wolf bites you!
* * * LOW HITPOINT WARNING * * *
You feel sick. The wolf misses you. The wolf closely misses you.
There is an open door, spattered with blood here.
You feel sick.
You feel purified! The wolf bites you.
* * * LOW HITPOINT WARNING * * *
The gnoll sergeant closely misses you. The gnoll shaman misses you.
Okay, then.
The wolf closely misses you. The wolf bites you.
* * * LOW HITPOINT WARNING * * *
The wolf closely misses you.
Okay, then.
Okay, then.
Okay, then.
You fail to use your ability.
The wolf bites you but does no damage. The wolf misses you.
The gnoll sergeant hits you from afar with a +0 halberd!
Elyvilon protects you from harm! The wolf bites you!
You die...

####### ...≈≈♣♣ ##.8.....
#..≈.♣ ..##..)...). ∆#..≈.♣♣
..#......... ∆#..≈..♣
..#...g.##### ∆#..≈..♣
..#...)##...## #..≈..♣♣
..##'###.....######..≈)..♣♣
......#.....).#h..'.......♣♣♣#
......†...8.)ggh@.'......∩..∩#
.....)#.......#...'..)....♣♣♣#
..##'###.....######..≈...♣♣
..#..).##...##..'.#..≈...♣
..#..)..#####.).#.#..≈...♣
..#..)..÷)'÷....#.#..≈..♣♣
..##..)..)#.....#.#..≈.♣♣
...##.8...#...8.###..≈.♣ ≈..
############# ..≈≈♣♣


You could see a gnoll sergeant, 2 wolves and a gnoll shaman.

Vanquished Creatures
  Pikel (D:5)
  Maggie (D:7)
  Grinder (D:5)
  Grum (Bailey)
  A steam dragon (D:7)
  Edmund (D:5)
  An orc warrior (D:7)
  4 black bears
  2 ogres
  2 phantoms (D:6)
  A necrophage (D:5)
  4 wolves (Bailey)
  2 centaurs (D:6)
  2 lemures (D:4)
  Blork the orc (D:4)
  4 gnoll sergeants (Bailey)
  2 scorpions
  A killer bee (D:7)
  A centaur zombie (D:6)
  4 howler monkeys
  5 hounds
  3 gnoll shamans (Bailey)
  5 orc priests
  2 jellies
  2 iguanas (D:5)
  4 orc wizards
  A scorpion zombie (D:5)
  A hound zombie (D:5)
  A hound skeleton (D:4)
  5 adders
  10 gnolls
  2 white imps
  An adder skeleton (D:4)
  2 worms (D:2)
  2 dart slugs
  24 orcs
  6 ball pythons
  5 bats
  5 endoplasms
  3 giant cockroaches
  7 goblins
  11 hobgoblins
  3 jackals (D:1)
  6 kobolds
  4 quokkas
  3 frilled lizards (D:1)
  5 rats
165 creatures vanquished.

Vanquished Creatures (collateral kills)
  3 killer bees (D:7)
  A gnoll shaman (D:7)
  3 gnolls (D:7)
7 creatures vanquished.

Vanquished Creatures (others)
  A steam dragon (D:7)
1 creature vanquished.

Grand Total: 173 creatures vanquished

Notes
Turn   | Place    | Note
-------+----------+-------------------------------------------
     0 | D:5      | Reached skill level 9 in Stealth
     0 | D:5      | croobank the Gnoll Delver began the quest for the Orb.
     0 | D:5      | Reached XP level 1. HP: 23/23 MP: 1/1
     9 | D:5      | Noticed a necrophage
   133 | D:3      | Found a faded altar of an unknown god.
   155 | D:3      | Reached XP level 2. HP: 14/29 MP: 2/2
   316 | D:3      | Prayed at the altar of an unknown god.
   316 | D:3      | Became a worshipper of Elyvilon the Healer
   316 | D:3      | Reached * piety under Elyvilon
   556 | D:1      | You fall into a shaft and drop 1 floor!
   556 | D:2      | Reached ** piety under Elyvilon
   627 | D:2      | Reached XP level 3. HP: 29/35 MP: 3/3
  1135 | D:1      | Reached skill level 1 in Invocations
  1315 | D:1      | Reached skill level 1 in Short Blades
  1315 | D:1      | Reached skill level 1 in Long Blades
  1315 | D:1      | Reached skill level 1 in Maces & Flails
  1315 | D:1      | Reached skill level 1 in Polearms
  1315 | D:1      | Reached skill level 1 in Staves
  1315 | D:1      | Reached skill level 1 in Slings
  1315 | D:1      | Reached skill level 1 in Bows
  1315 | D:1      | Reached skill level 1 in Crossbows
  1315 | D:1      | Reached skill level 1 in Throwing
  1315 | D:1      | Reached skill level 1 in Armour
  1315 | D:1      | Reached skill level 1 in Shields
  1315 | D:1      | Reached skill level 1 in Unarmed Combat
  1315 | D:1      | Reached skill level 1 in Spellcasting
  1315 | D:1      | Reached skill level 1 in Evocations
  1330 | D:1      | Reached *** piety under Elyvilon
  1939 | D:2      | Reached XP level 4. HP: 41/41 MP: 5/5
  2261 | D:2      | Found Ahi Xic's Assorted Antiques.
  2404 | D:2      | Found Sapixtaep's Jewellery Emporium.
  2541 | D:3      | Reached **** piety under Elyvilon
  2673 | D:3      | Learned a level 2 spell: Poisonous Vapours
  2992 | D:3      | Reached skill level 1 in Conjurations
  2992 | D:3      | Reached skill level 1 in Hexes
  2992 | D:3      | Reached skill level 1 in Summonings
  2992 | D:3      | Reached skill level 1 in Necromancy
  2992 | D:3      | Reached skill level 1 in Translocations
  2992 | D:3      | Reached skill level 1 in Transmutations
  2992 | D:3      | Reached skill level 1 in Fire Magic
  2992 | D:3      | Reached skill level 1 in Ice Magic
  2992 | D:3      | Reached skill level 1 in Air Magic
  2992 | D:3      | Reached skill level 1 in Earth Magic
  2992 | D:3      | Reached skill level 1 in Poison Magic
  3090 | D:3      | Reached XP level 5. HP: 24/47 MP: 4/6
  4115 | D:4      | Noticed Blork the orc
  4349 | D:4      | Noticed a black bear
  4382 | D:3      | Killed a black bear
  4383 | D:3      | Reached skill level 5 in Axes
  4383 | D:3      | Reached skill level 5 in Dodging
  4383 | D:3      | Reached XP level 6. HP: 26/53 MP: 8/8
  4644 | D:4      | Noticed Dowan
  4688 | D:4      | Killed Blork the orc
  5171 | D:4      | Reached XP level 7. HP: 28/60 MP: 10/10
  5484 | D:4      | Noticed Sigmund
  5516 | D:4      | Noticed Duvessa
  5835 | D:5      | Learned a level 3 spell: Ozocubu's Armour
  6023 | D:5      | Reached skill level 10 in Stealth
  6130 | D:5      | Found Potuutumm's Jewellery Emporium.
  6163 | D:5      | Found Gyckuyfrye's Antique Armour Emporium.
  6187 | D:5      | Reached ***** piety under Elyvilon
  6388 | D:5      | Noticed Pikel
  6411 | D:5      | Killed Pikel
  6412 | D:5      | Reached XP level 8. HP: 13/67 MP: 8/13
  6947 | D:5      | Noticed Grinder
  7103 | D:5      | Killed Grinder
  7383 | D:5      | Found Vedwopp's Jewellery Shop.
  7417 | D:5      | Noticed Edmund
  7435 | D:5      | Killed Edmund
  7436 | D:5      | Reached XP level 9. HP: 32/71 MP: 14/14
  7762 | D:5      | Found a runed translucent door.
  7763 | D:5      | Gained mutation: You are partially covered in iridescent
                  | scales. (AC +2) [potion of mutation]
  7763 | D:5      | Gained mutation: Your magical capacity is low. (-10% MP)
                  | [potion of mutation]
  7763 | D:5      | Gained mutation: You expend magic power (3 MP) to
                  | strengthen your wands. [potion of mutation]
  7767 | D:5      | Noticed Crazy Yiuf
  7996 | D:6      | Found Xecwig's General Store.
  8318 | D:6      | Found Laanlui's Magic Scroll Shoppe.
  8334 | D:6      | Bought a scroll of identify for 20 gold pieces
  8334 | D:6      | Bought a scroll of identify for 20 gold pieces
  8334 | D:6      | Bought a scroll of identify for 20 gold pieces
  8663 | D:6      | Found a staircase to the Ecumenical Temple.
  8810 | D:6      | Identified the +3 chain mail of Floral Tender Moments {rF++
                  | rN+++ Int-4}
  9447 | D:6      | Learned a level 1 spell: Sting
  9490 | D:7      | Found Pabbeuph's Distillery.
  9579 | D:7      | Bought a potion of heal wounds for 65 gold pieces
  9579 | D:7      | Bought a potion of curing for 39 gold pieces
  9579 | D:7      | Bought a potion of resistance for 130 gold pieces
  9632 | D:7      | Noticed Maggie
  9959 | D:7      | Reached skill level 5 in Invocations
  9980 | D:7      | Killed Maggie
 10072 | D:7      | Found a shimmering blue altar of Sif Muna.
 10414 | D:7      | Learned a level 3 spell: Mephitic Cloud
 10418 | D:7      | Learned a level 3 spell: Ignite Poison
 10423 | D:7      | Learned a level 4 spell: Olgreb's Toxic Radiance
 10624 | D:7      | Reached XP level 10. HP: 80/80 MP: 15/15
 10678 | D:7      | Found a snail-covered altar of Cheibriados.
 10678 | D:7      | Found a burning altar of Makhleb.
 10679 | D:7      | Found a white marble altar of Elyvilon.
 10935 | D:8      | Found a flagged portal.
 10943 | D:8      | Identified the +7 spear "Abunkes" {freeze, Will+}
 10973 | Bailey   | Entered a bailey
 11298 | Bailey   | Noticed Grum
 11302 | Bailey   | Reached skill level 5 in Short Blades
 11302 | Bailey   | Reached skill level 5 in Long Blades
 11302 | Bailey   | Reached skill level 5 in Maces & Flails
 11302 | Bailey   | Reached skill level 5 in Polearms
 11302 | Bailey   | Reached skill level 5 in Staves
 11302 | Bailey   | Reached skill level 5 in Slings
 11302 | Bailey   | Reached skill level 5 in Bows
 11302 | Bailey   | Reached skill level 5 in Crossbows
 11302 | Bailey   | Reached skill level 5 in Throwing
 11302 | Bailey   | Reached skill level 5 in Armour
 11302 | Bailey   | Reached skill level 5 in Shields
 11302 | Bailey   | Reached skill level 5 in Unarmed Combat
 11302 | Bailey   | Reached skill level 5 in Spellcasting
 11302 | Bailey   | Reached skill level 5 in Evocations
 11315 | Bailey   | Elyvilon protects you from harm!
 11316 | Bailey   | HP: 1/81 [Grum/-2 glaive (10)]
 11321 | Bailey   | Killed Grum
 11760 | Bailey   | Elyvilon protects you from harm!
 11760 | Bailey   | Slain by a wolf

Illustrated notes

Levels and vault maps discovered:
D:1:      dpeg_arrival_round_b, layout_basic, minivault_27, minmay_pentomino_x4
D:2:      layout_basic, serial_shops, shop, shop
D:3:      layout_loops_corners, dreamdust_ecumenical_altar_hidden_monk_grotto,
          grunt_decor_one_mirror, nicolae_concentric_dashed_squares_mild,
          corexii_shack
D:4:      layout_loops_ring, uniq_duvessa, uniq_sigmund, uniq_blork_the_orc
D:5:      layout_basic, serial_shops, kennysheep_mini_moat, shop,
          kennysheep_mini, nrook_loot_triangle, uniq_pikel, uniq_grinder,
          uniq_edmund, uniq_crazy_yiuf_cottage
D:6:      layout_cave_pods, temple_pool_b, serial_shops, shop, shop_scrolls
D:7:      layout_basic, mainiacjoe_overflow_tiny_flanked,
          gammafunk_temple_overflow_claw, serial_shops, nicolae_stop_n_shop_1,
          hangedman_decor_push, kennysheep_pointless_box, uniq_maggie
D:8:      layout_rooms, serial_curves, eino_curves_03, eino_curves_03,
          enter_bailey_2
Bailey:   bailey_polearm_gnolls_kennysheep, bailey

Skill      XL: |  1  2  3  4  5  6  7  8  9 10 |
---------------+-------------------------------+-----
Stealth        | 10 | 10.9
Invocations    | 1 2 3 4 5 |  5.6
Short Blades   | 1 2 3 4 5 |  5.1
Long Blades    | 1 2 3 4 5 |  5.1
Maces & Flails | 1 2 3 4 5 |  5.1
Polearms       | 1 2 3 4 5 |  5.1
Staves         | 1 2 3 4 5 |  5.1
Slings         | 1 2 3 4 5 |  5.1
Bows           | 1 2 3 4 5 |  5.1
Crossbows      | 1 2 3 4 5 |  5.1
Throwing       | 1 2 3 4 5 |  5.1
Armour         | 1 2 3 4 5 |  5.1
Shields        | 1 2 3 4 5 |  5.1
Unarmed Combat | 1 2 3 4 5 |  5.1
Spellcasting   | 1 2 3 4 5 |  5.1
Evocations     | 1 2 3 4 5 |  5.1
Conjurations   | 1 2 3 4 |  4.2
Hexes          | 1 2 3 4 |  4.2
Summonings     | 1 2 3 4 |  4.2
Necromancy     | 1 2 3 4 |  4.2
Translocations | 1 2 3 4 |  4.2
Transmutations | 1 2 3 4 |  4.2
Fire Magic     | 1 2 3 4 |  4.2
Ice Magic      | 1 2 3 4 |  4.2
Air Magic      | 1 2 3 4 |  4.2
Earth Magic    | 1 2 3 4 |  4.2
Poison Magic   | 1 2 3 4 |  4.2
Axes           | 5 6 7 |  7.0
Dodging        | 5 6 7 |  7.0
Fighting       | 7 8 |  8.4

Action                   |  1- 3 |  4- 6 |  7- 9 | 10-12 || total
-------------------------+-------+-------+-------+-------++-------
Melee: Dagger            |    89 |    37 |    35 |       ||   161
       Hand axe          |    43 |   197 |   250 |       ||   490
       Bite              |    15 |    19 |    41 |     3 ||    78
       Punch             |     3 |     7 |     9 |     1 ||    20
       Broad axe         |       |       |    39 |    48 ||    87
Throw: Throwing net      |       |       |     2 |       ||     2
 Cast: Poisonous Vapours |       |       |     4 |     1 ||     5
       Ozocubu's Armour  |       |       |     1 |       ||     1
       Ignite Poison     |       |       |       |     6 ||     6
       Olgreb's Toxic Ra |       |       |       |     4 ||     4
       Mephitic Cloud    |       |       |       |     2 ||     2
Invok: Heal Self         |       |     1 |     2 |     2 ||     5
       Purification      |       |       |     1 |     1 ||     2
Evoke: Wand              |       |       |     4 |       ||     4
  Use: Scroll            |     2 |     5 |     3 |     1 ||    11
       Potion            |       |     5 |    11 |     1 ||    17
 Stab: Sleeping          |    13 |     7 |    10 |     5 ||    35
       Distracted        |       |       |     2 |       ||     2
       Held in net/web   |       |       |     2 |       ||     2
Armor: Leather armour    |    11 |    25 |    56 |       ||    92
       Scale mail        |    30 |    23 |       |       ||    53
       Robe              |       |    20 |       |       ||    20
       Steam dragon scal |       |       |    20 |    23 ||    43
Dodge: Dodged            |    83 |   112 |   212 |    86 ||   493
